 Dungeon Crawl Stone Soup version 0.31-a0-516-gfcb59812bd (webtiles) character file.

Game seed: 642300065951917990

19 GordonOverkill the Sneak (level 2, 0/16 HPs)
             Began as a Vine Stalker Delver on Aug 10, 2023.
             Slain by a bullfrog (4 damage)
             ... on level 7 of the Dungeon.
             The game lasted 00:02:11 (402 turns).

GordonOverkill the Sneak (Vine Stalker Delver)       Turns: 402, Time: 00:02:11

Health: 0/16       AC:  3    Str: 13 (14) XL:     2   Next: 75%
Magic:  0/3        EV: 11    Int:  8 (10) God:
Gold:   17         SH:  0    Dex: 13 (15) Spells: 1/1 levels left

rFire   . .          .
                       - Unarmed
rCold   . . .        (no shield)
rNeg    . . .        a - +0 leather armour
rPois   .            (no helmet)
rElec   .            (no cloak)
rCorr   .            (no gloves)
SInv    .            (no boots)
Will    .....        (no amulet)
Stlth   +++          (no ring)
HPRegen 0.22/turn    (no ring)
MPRegen 0.08/turn

%: guardian spirit
@: no status effects
A: fangs 2, magic shield, antimagic bite, no potion heal 2
a: no special abilities


You were on level 7 of the Dungeon.
You visited 1 branch of the dungeon, and saw 3 of its levels.

You collected 17 gold pieces.

Inventory:

Missiles
 i - 2 throwing nets (quivered)
Armour
 a - a +0 leather armour (worn)
 g - a +0 ring mail
Wands
 f - a wand of digging (3)
Scrolls
 b - a scroll of fog
 c - a scroll of revelation
Potions
 e - 2 potions of degeneration


   Skills:
 - Level 2.6 Fighting
 + Level 0.0 Throwing
 - Level 1.5 Dodging
 - Level 6.0 Stealth
 - Level 3.2 Unarmed Combat
 + Level 0.0 Spellcasting
 + Level 0.0 Conjurations


You had one spell level left.
You didn't know any spells.
Your spell library contained the following spells:

 Spells                   Type           Power      Damage    Failure   Level
 Summon Guardian Golem    Hex/Summ       0%         N/A       86%         3
 Orb of Destruction       Conj           0%         9d5       100%        7
 Spellforged Servitor     Conj/Summ      0%         N/A       100%        7


Dungeon Overview and Level Annotations

Branches:
Dungeon (7/15)
 Temple: D:4-7

Altars:

Annotations:
D:5 exclusion: phantom


Innate Abilities, Weirdness & Mutations

You have extremely sharp teeth.
When hurt, damage is shared between your health and your magic reserves.
Your bite disrupts and absorbs the magic of your enemies.
Potions cannot restore your health.


Message History

You see here 7 stones.
HP restored.
You open the door.
There is an open door here.
You pick up a book of Dangerous Friends and begin reading...
You add the spells Summon Guardian Golem, Orb of Destruction and Spellforged Servitor to your library.
Unknown command.
There is an open door here.
As you open the door, it creaks loudly!
You hear a loud, deep croak!
You can't go up here!
There is an open door here.
Okay, then.
It was a potion of degeneration.
There was something very wrong with that liquid.
You feel weakened.
You feel dopey.
You feel clumsy.
e - 2 potions of degeneration You hit the bullfrog.
The bullfrog is moderately wounded.
The bullfrog hits you.
The bullfrog hits you but does no damage.
You hit the bullfrog. You bite the bullfrog. You drain its power.
The bullfrog is severely wounded.
The bullfrog hits you.
You closely miss the bullfrog. You bite the bullfrog. You drain its power.
The bullfrog is severely wounded.
The bullfrog hits you.
* * * LOW HITPOINT WARNING * * *
The bullfrog barely misses you.
You closely miss the bullfrog.
The bullfrog is severely wounded.
The bullfrog hits you.
* * * LOW HITPOINT WARNING * * *
You hit the bullfrog.
The bullfrog is severely wounded.
The bullfrog hits you.
* * * LOW HITPOINT WARNING * * *
You hit the bullfrog.
The bullfrog is almost dead.
The bullfrog hits you.
You die...

#........)....##
#.#..####.....##..........
#......##.....##... .P.P..
###....'......##.P♣ ♣..P♣
#....##.....##.P♣ ♣..P♣
#....##.....##.P♣♣♣..P♣♣
#.....#.######.PP.....PP
#.....#F# ###.[.........
#.....#@# #............#
###'###.###.#########..#
#.# #.##.....# #..# #.#
#.##..##.# #... #.#
#.##...#.# #S.. #.#
#.###..#.# #### #.#
#.....<#.# #.##########.#
#...(........#


You could see a bullfrog.

Vanquished Creatures
  An adder (D:5)
  A gnoll (D:6)
2 creatures vanquished.

Notes
Turn   | Place    | Note
-------+----------+-------------------------------------------
     0 | D:5      | GordonOverkill the Vine Stalker Delver began the quest for
                  | the Orb.
     0 | D:5      | Reached XP level 1. HP: 11/11 MP: 2/2
    26 | D:5      | Noticed a phantom
    88 | D:5      | Noticed an ogre
    94 | D:5      | Reached XP level 2. HP: 8/16 MP: 3/3
   301 | D:7      | Noticed a bullfrog
   339 | D:7      | Noticed a water moccasin
   402 | D:7      | Slain by a bullfrog

Illustrated notes

Levels and vault maps discovered:
D:5:      layout_basic, minivault_27, uniq_eustachio
D:6:      layout_rooms, minitemple, minmay_fractal_squares_diagonal_5
D:7:      layout_basic, minmay_temple_entry_enclosed_plants,
          ebering_ghost_disaster_area, minivault_19, kennysheep_boxes

Skill      XL: |  1  2 |
---------------+-------+-----
Unarmed Combat | 3 |  3.2
Fighting       | |  2.6
Dodging        | |  1.5
Stealth        | |  6.0

Action                     || total
---------------------------++-------
  Melee: Unarmed           ||    16
         Bite              ||     3
    Use: Potion            ||     2
         Scroll            ||     1
   Stab: Sleeping          ||     1
 Armour: Leather armour    ||     1
  Dodge: Dodged            ||     7

Table legend: (Time is in decaauts)
 A = Elapsed time spent in this place.
 B = Non-inter-level travel time spent in this place.
 C = Inter-level travel time spent in this place.
 D = Time resting spent in this place.
 E = Time spent auto-exploring this place.
 F = Levels seen in this place.
 G = Mean time per level.
                   A        B        C        D        E       F      G
               +--------+--------+--------+--------+--------+-----+--------+
         Total |    381 |    345 |     36 |     58 |      0 |   3 |  127.0 |
       Dungeon |    381 |    345 |     36 |     58 |      0 |   3 |  127.0 |
               +--------+--------+--------+--------+--------+-----+--------+

Top non-repeatable levels by time:
     D:5: 227 daAuts
     D:7: 115 daAuts
     D:6: 39 daAuts
